 Dungeon Sprint DCSS version 0.20-a0-556-g892c87b (webtiles) character file.

5887 Kidiri the Eclecticist (level 10, 0/64 HPs)
             Began as a Deep Elf Fire Elementalist on Feb 4, 2017.
             Was the Champion of Vehumet.
             Slain by a killer bee (2 damage)
             ... in the Dungeon (Sprint III: "The Ten Rune Challenge").
             The game lasted 00:12:26 (2248 turns).

Kidiri the Eclecticist (Deep Elf Fire Elementalist) Turns: 2248, Time: 00:12:26

Health: 0/64       AC:  7    Str:  5    XL:     10   Next: 52%
Magic:  11/32      EV: 23    Int: 24    God:    Vehumet [******]
Gold:   8711       SH:  0    Dex: 15    Spells: 14/41 levels left

rFire    . . .     SeeInvis .   j - +0 dagger
rCold    . . .     Gourm    .   n - +2 robe {MR+}
rNeg     . . .     Faith    .   (no shield)
rPois    .         Spirit   .   (no helmet)
rElec    .         Reflect  .   e - +1 cloak {+Inv}
rCorr    .         Harm     .   (no gloves)
MR       ++...     NoTele   +   (no boots)
Stlth    ++........             (no amulet)
Regen    0.2/turn               (no ring)
                                (no ring)

@: lethally poisoned (0 -> -17)
A: repulsion field 2, wild magic 1, MP-powered wands
a: Renounce Religion, Evoke Invisibility


You were in the Dungeon.
You worshipped Vehumet.
Vehumet was exalted by your worship.
You were not hungry.

You visited 1 branch You collected 8711 gold pieces.

Inventory:

Hand Weapons
 j - a +0 dagger (weapon)
Armour
 e - a +1 cloak of invisibility (worn)
 i - a +1 robe of cold resistance
 n - a +2 robe of magic resistance (worn)
Wands
 d - a wand of digging (0/24)
Scrolls
 k - 5 scrolls of remove curse
 m - a scroll of immolation
 q - a scroll of holy word {unknown}
Potions
 f - a potion of haste
 g - a potion of magic
 h - a potion of berserk rage
 o - 4 potions of cure mutation
 p - 2 potions of flight
Books
 b - a book of Flames

   Spells                             Type                      Level
   a - Flame Tongue                   Conjuration/Fire             1
   b - Throw Flame                    Conjuration/Fire             2
   c - Conjure Flame                  Conjuration/Fire             3
   d - Inner Flame                    Hexes/Fire                   3
   e - Sticky Flame                   Conjuration/Fire             4
   f - Fireball                       Conjuration/Fire             5
 l - a book of Cantrips

   Spells                             Type                      Level
   a - Confusing Touch                Hexes                        1
   b - Animate Skeleton               Necromancy                   1
   c - Summon Small Mammal            Summoning                    1
   d - Apportation                    Translocation                1
Comestibles
 c - 2 bread rations
 r - 2 royal jellies


   Skills:
 + Level 7.7 Fighting
 + Level 8.0 Short Blades
 + Level 7.6 Armour
 + Level 11.0 Dodging
 - Level 2.4 Stealth
 * Level 16.2 Spellcasting
 + Level 10.1 Conjurations
 + Level 10.5 Fire Magic
 + Level 0.9 Earth Magic
 + Level 0.7 Poison Magic


You had 14 spell levels left.
You knew the following spells:

 Your Spells              Type           Power        Failure   Level  Hunger
a - Flame Tongue          Conj/Fire      #####        1%          1    None
b - Throw Flame           Conj/Fire      ######       1%          2    None
c - Conjure Flame         Conj/Fire      ######..     1%          3    None
d - Inner Flame           Hex/Fire       ######..     1%          3    None
e - Sticky Flame          Conj/Fire      ######..     1%          4    None
f - Fireball              Conj/Fire      ######....   1%          5    #......
g - Olgreb's Toxic Radia  Pois           ####....     9%          4    None
h - Bolt of Magma         Conj/Fire/Erth ######....   2%          5    #......


Dungeon Overview and Level Annotations

Branches:
Dungeon (1/1)

Altars:
Cheibriados
Dithmenos
Elyvilon
Fedhas
Gozag
Hepliaklqana
Kikubaaqudgha
Makhleb
Nemelex Xobeh
Okawaru
Qazlal
Ru
Sif Muna
Trog
Uskayaw
Vehumet
Xom
Yredelemnul
Zin
The Shining One
Beogh
Jiyva
Lugonu

Shops:
D *


Innate Abilities, Weirdness & Mutations

You are surrounded by a moderate repulsion field. (EV +3)
Your spells are a little harder to cast, but a little more powerful.
You expend magic power (3 MP) to strengthen your wands.


Message History

The killer bee misses you. The killer bee completely misses you.
The killer bee barely misses you. The killer bee misses you.
The killer bee stings you.
* * * LOW HITPOINT WARNING * * *
The killer bee misses you. x2
Casting: Flame Tongue
Confirm with . or Enter, or press ? or * to list all spells.
Aiming: Flame Tongue
Press: ? - help, Shift-Dir - straight line, f/p - killer bee
Aim: a killer bee (heavily wounded)
The flame tongue hits the killer bee.
The killer bee is severely wounded.
* * * LOW HITPOINT WARNING * * *
You feel sick. The killer bee barely misses you. The killer bee misses you.
The killer bee stings you.
* * * LOW HITPOINT WARNING * * *
The killer bee completely misses you. The killer bee misses you.
The killer bee completely misses you. The killer bee misses you.
The killer bee completely misses you. The killer bee stings you.
You die...

#..####.##.####### ###
##.##.##...+)#...# ...'
#.).)))....#.#...##≈≈≈≈#
.)).).)..∩##)#...≈≈≈§...
#.)))))....#)#...##≈≈≈≈#
#...#.#..###)+...# .e'
#.....###.######### #
#+##..######.####y###########
#......#.......y@yyyyyy.%%y≈#
##.#)...##)..#.yyyyy..#y%yy≈#
'##.#)#........#yyy...# %yy≈≈
#...#.)....#..+((.^...# y≈y≈
▓▓▓▓▓▓▓▓▓▓▓▓▓▓#..^^...#


yy% #.......# y. +^......# % #.......# ##+###### You could see 17 killer bees.

Vanquished Creatures
  Erolcha (D)
  An orc knight (D)
  5 deep elf magi (D)
  A shadow (D)
  2 redbacks (D)
  A spatial vortex (D)
  2 orc warriors (D)
  A necrophage (D)
  5 two-headed ogres (D)
  A water elemental (D)
  5 killer bees (D)
  3 orc wizards (D)
  3 orc priests (D)
  A jelly (D)
  A wizard (D)
  Crazy Yiuf (D)
  Jessica (D)
  A necromancer (D)
  3 humans (D)
  A kobold demonologist (D)
  9 orcs (D)
  3 rats (D)
52 creatures vanquished.

Vanquished Creatures (others)
  2 draconian scorchers (D)
  A deep elf knight (D)
  6 hellions (D)
  3 yaktaurs (D)
  6 plants (D)
18 creatures vanquished.

Grand Total: 70 creatures vanquished

Notes
Turn   | Place    | Note
-------+----------+-------------------------------------------
     0 | D        | Kidiri the Deep Elf Fire Elementalist began the quest for the Orb.
     0 | D        | Reached XP level 1. HP: 10/10 MP: 6/6
    39 | D        | Noticed Jessica
    45 | D        | Killed Jessica
    45 | D        | Reached skill level 1 in Fighting
    45 | D        | Reached skill level 1 in Armour
    45 | D        | Reached skill level 5 in Spellcasting
    45 | D        | Reached XP level 2. HP: 14/16 MP: 1/10
    49 | D        | Learned a level 2 spell: Throw Flame
    95 | D        | Killed a hellion
    95 | D        | Killed a hellion
   122 | D        | Killed a yaktaur
   123 | D        | Killed a yaktaur
   144 | D        | Killed a hellion
   145 | D        | Killed a hellion
   149 | D        | Reached XP level 3. HP: 9/21 MP: 0/12
   154 | D        | Learned a level 3 spell: Conjure Flame
   158 | D        | Learned a level 3 spell: Inner Flame
   160 | D        | Killed a hellion
   211 | D        | Killed a white draconian scorcher
   221 | D        | Killed a white draconian scorcher
   317 | D        | Noticed Crazy Yiuf
   321 | D        | HP: 1/21 [Crazy Yiuf/quarterstaff of chaos (3)]
   323 | D        | Killed Crazy Yiuf
   323 | D        | Reached skill level 6 in Spellcasting
   323 | D        | Reached XP level 4. HP: 25/26 MP: 8/14
   337 | D        | Killed a hellion
   351 | D        | Gained mutation: You are surrounded by a mild repulsion field. (EV +2) [potion of mutation]
   351 | D        | Gained mutation: You are dopey. (Int -2) [potion of mutation]
   351 | D        | Gained mutation: Your spells are a little harder to cast, but a little more powerful. [potion of mutation]
   352 | D        | Gained mutation: You expend magic power (3 MP) to strengthen your wands. [potion of mutation]
   352 | D        | Lost mutation: You are dopey. (Int -2) [potion of mutation]
   352 | D        | Gained mutation: You are surrounded by a moderate repulsion field. (EV +3) [potion of mutation]
   523 | D        | Learned a level 4 spell: Sticky Flame
   530 | D        | Noticed a water elemental
   534 | D        | Killed a water elemental
   534 | D        | Reached skill level 7 in Spellcasting
   534 | D        | Reached skill level 5 in Fire Magic
   564 | D        | Found a radiant altar of Vehumet.
   565 | D        | Found a deep blue altar of Sif Muna.
   565 | D        | Found an ancient bone altar of Kikubaaqudgha.
   565 | D        | Noticed a wizard
   569 | D        | Killed a wizard
   569 | D        | Reached skill level 5 in Dodging
   569 | D        | Reached XP level 5. HP: 25/32 MP: 2/17
   575 | D        | Reached skill level 8 in Spellcasting
   584 | D        | Became a worshipper of Vehumet
   594 | D        | Learned a level 5 spell: Fireball
   689 | D        | Found a glowing silver altar of Zin.
   690 | D        | Found a glowing golden altar of the Shining One.
   690 | D        | Found a white marble altar of Elyvilon.
   690 | D        | Noticed a deep elf mage
   693 | D        | Noticed a sun demon
   698 | D        | Noticed a rust devil
   699 | D        | Killed a deep elf mage
   699 | D        | Reached skill level 10 in Spellcasting
   699 | D        | Reached XP level 6. HP: 12/39 MP: 14/21
   699 | D        | Reached XP level 7. HP: 14/44 MP: 15/23
   914 | D        | Found a hide-covered altar of Uskayaw.
   914 | D        | Found a roughly hewn altar of Beogh.
   914 | D        | Found an iron altar of Okawaru.
   914 | D        | Found a bloodstained altar of Trog.
   914 | D        | Noticed a human
   917 | D        | Noticed a human
   921 | D        | Killed a human
   921 | D        | Reached skill level 11 in Spellcasting
   922 | D        | Killed a human
   922 | D        | Reached * piety under Vehumet
   922 | D        | Offered knowledge of Magic Dart by Vehumet.
   922 | D        | Reached skill level 5 in Fighting
   922 | D        | Reached skill level 5 in Armour
   993 | D        | Killed a yaktaur
  1017 | D        | Found a basalt altar of Yredelemnul.
  1017 | D        | Found a shadowy altar of Dithmenos.
  1017 | D        | Found a sacrificial altar of Ru.
  1066 | D        | Reached ** piety under Vehumet
  1067 | D        | Noticed a shadow
  1075 | D        | Killed a shadow
  1075 | D        | Reached skill level 12 in Spellcasting
  1075 | D        | Reached XP level 8. HP: 40/49 MP: 10/26
  1136 | D        | Found a blossoming altar of Fedhas.
  1136 | D        | Found a stormy altar of Qazlal.
  1137 | D        | Found a snail-covered altar of Cheibriados.
  1137 | D        | Found a burning altar of Makhleb.
  1137 | D        | Found a hazy altar of Hepliaklqana.
  1137 | D        | Found a shimmering altar of Xom.
  1137 | D        | Found an opulent altar of Gozag.
  1137 | D        | Found a sparkling altar of Nemelex Xobeh.
  1137 | D        | Found a corrupted altar of Lugonu.
  1137 | D        | Found a viscous altar of Jiyva.
  1156 | D        | Offered knowledge of Freeze by Vehumet.
  1156 | D        | Reached skill level 5 in Short Blades
  1265 | D        | Reached *** piety under Vehumet
  1360 | D        | Noticed a two-headed ogre
  1365 | D        | Killed a two-headed ogre
  1365 | D        | Offered knowledge of Dazzling Spray by Vehumet.
  1365 | D        | Reached skill level 13 in Spellcasting
  1412 | D        | Noticed a two-headed ogre
  1412 | D        | Noticed Erolcha
  1426 | D        | Killed a two-headed ogre
  1426 | D        | Reached XP level 9. HP: 38/55 MP: 22/28
  1432 | D        | Reached **** piety under Vehumet
  1440 | D        | Noticed an orc knight
  1461 | D        | Killed Erolcha
  1461 | D        | Reached skill level 14 in Spellcasting
  1663 | D        | Offered knowledge of Olgreb's Toxic Radiance by Vehumet.
  1664 | D        | Reached ***** piety under Vehumet
  1669 | D        | Reached ****** piety under Vehumet
  1672 | D        | Reached skill level 10 in Dodging
  1672 | D        | Killed an orc knight
  1672 | D        | Reached skill level 15 in Spellcasting
  1681 | D        | Found Namalopp's Assorted Antiques.
  1826 | D        | Learned a level 4 spell: Olgreb's Toxic Radiance
  1847 | D        | Noticed a deep elf knight
  1847 | D        | Noticed a deep elf mage
  1847 | D        | Noticed a deep elf mage
  1847 | D        | Noticed a deep elf mage
  1847 | D        | Noticed a deep elf mage
  1866 | D        | Killed a deep elf knight
  1866 | D        | Reached XP level 10. HP: 18/63 MP: 8/31
  1867 | D        | Killed a deep elf mage
  1867 | D        | Killed a deep elf mage
  1867 | D        | Offered knowledge of Irradiate by Vehumet.
  1867 | D        | Reached skill level 10 in Fire Magic
  1885 | D        | Killed a deep elf mage
  1892 | D        | Killed a deep elf mage
  1892 | D        | Reached skill level 16 in Spellcasting
  1892 | D        | Reached skill level 10 in Conjurations
  2129 | D        | Noticed a deep elf demonologist
  2165 | D        | Offered knowledge of Bolt of Magma by Vehumet.
  2172 | D        | Learned a level 5 spell: Bolt of Magma
  2248 | D        | HP: 2/64 [killer bee (2)]
  2248 | D        | Slain by a killer bee

Vault maps used:
D:        dungeon_sprint_mu

Skill      XL: |  1  2  3  4  5  6  7  8  9 10 |
---------------+-------------------------------+-----
Fighting       | 1 2 3 4 5 6 7 |  7.7
Armour         | 1 2 3 4 5 6 7 |  7.6
Dodging        | 3 4 5 7 8 9 10 11 | 11.0
Spellcasting   | 5 6 7 10 12 13 15 16 | 16.2
Conjurations   | 2 3 4 6 7 8 9 10 | 10.1
Fire Magic     | 4 5 7 8 9 10 | 10.5
Short Blades   | 3 4 5 7 8 |  8.0
Stealth        | |  2.4
Earth Magic    | |  0.9
Poison Magic   | |  0.7

Action                   |  1- 3 |  4- 6 |  7- 9 | 10-12 || total
-------------------------+-------+-------+-------+-------++-------
Melee: Dagger            |       |     1 |     5 |     8 ||    14
 Cast: Flame Tongue      |    15 |     5 |    60 |    10 ||    90
       Throw Flame       |     4 |       |     3 |     1 ||     8
       Sticky Flame      |       |     3 |     9 |     9 ||    21
       Conjure Flame     |       |       |     7 |       ||     7
       Inner Flame       |       |       |     5 |     3 ||     8
       Fireball          |       |       |     6 |       ||     6
       Olgreb's Toxic Ra |       |       |     1 |     1 ||     2
Evoke: Wand              |       |       |     1 |     1 ||     2
  Use: Scroll            |     1 |     4 |       |       ||     5
       Potion            |     1 |     3 |     2 |     1 ||     7
 Stab: Sleeping          |       |     1 |       |       ||     1
       Distracted        |       |       |     1 |       ||     1
  Eat: Chunk             |       |       |     4 |     1 ||     5
Armor: Robe              |       |     1 |       |     3 ||     4
Dodge: Dodged            |       |     5 |    21 |    69 ||    95
